 Dungeon Crawl Stone Soup version 0.25.1-2-g60ff931df9 (webtiles) character file.

Game seed: 14979390081952885112

418 DogServant the Chiller (level 6, -9/33 HPs)
             Began as a Deep Elf Ice Elementalist on Oct 17, 2020.
             Mangled by a nameless horror (16 damage)
             ... created by miscasting Summon Ice Beast
             ... on level 6 of the Dungeon.
             The game lasted 00:11:38 (4728 turns).

DogServant the Chiller (Deep Elf Ice Elementalist)  Turns: 4728, Time: 00:11:39

Health: -9/33      AC:  4    Str:  5    XL:     6   Next: 61%
Magic:  0/12       EV: 12    Int: 22    God:
Gold:   18         SH:  0    Dex: 11    Spells: 3/11 levels left

rFire    . . .     SeeInvis .   d - -1 whip
rCold    . . .     Gourm    .   (no shield)
rNeg     . . .     Faith    .   f - +0 leather armour
rPois    .         Spirit   .   (no helmet)
rElec    .         Reflect  .   e - +0 cloak
rCorr    .         Harm     .   (no gloves)
MR       .....                  (no boots)
Stlth    ++........             (no amulet)
HPRegen  0.11/turn              j - -4 ring of dexterity
MPRegen  0.13/turn              p - -4 ring of slaying

@: brilliant, flying, very slightly contaminated
A: no striking features
a: no special abilities


You were on level 6 of the Dungeon.
You were very hungry.

You visited 1 branch of the dungeon, and saw 6 of its levels.

You collected 230 gold pieces.
You spent 212 gold pieces at shops.

Inventory:

Hand Weapons
 b - a +0 dagger
 d - a -1 whip (weapon)
 n - a +2 dagger of venom
 x - a +3 long sword of protection
Missiles
 q - 22 poisoned darts (quivered)
Armour
 a - a +0 robe
 e - a +0 cloak (worn)
 f - a +0 leather armour (worn)
 o - a +1 robe of magic resistance
Jewellery
 j - a -4 ring of dexterity (left hand)
 p - a -4 ring of slaying (right hand)
 s - a +6 ring of dexterity
 t - an uncursed ring of see invisible {unknown}
Wands
 l - a wand of flame (16)
Scrolls
 u - 2 scrolls of magic mapping
 w - a scroll of teleportation
Potions
 g - a potion of might
 i - 3 potions of haste
 k - a potion of mutation
 v - a potion of lignification {unknown}
 z - a potion of heal wounds {unknown}
 A - a potion of degeneration {unknown}
Comestibles
 c - 10 rations


   Skills:
 + Level 0.3 Fighting
 - Level 4.0 Dodging
 - Level 4.0 Stealth
 - Level 3.0 Spellcasting
 + Level 3.8 Summonings
 + Level 6.5 Ice Magic


You had 3 spell levels left.
You knew the following spells:

 Your Spells              Type           Power        Failure   Level  Hunger
a - Freeze                Ice            ####         1%          1    None
b - Frozen Ramparts       Ice            #####.       4%          3    None
c - Summon Ice Beast      Ice/Summ       #####...     24%         4    None

Your spell library contained the following spells:

 Spells                   Type           Power        Failure   Level  Hunger
 Ozocubu's Armour         Chrm/Ice       ####....     16%         3    None
 Hailstorm                Conj/Ice       ####....     47%         4    None


Dungeon Overview and Level Annotations

Branches:
Dungeon (6/15)
 Temple: D:4-7

Altars:
Nemelex Xobeh
Sif Muna
Vehumet

Shops:
D:5 (

Annotations:
D:3 2 transporters, Cazemata's ghost, amateur DsBe


Message History

Okay, then.
It was a potion of flight.
You feel very buoyant.
You fly up into the air.
The wall freezes the gnoll.
You kill the gnoll!
The wall freezes the nameless horror!
The nameless horror hits you!
* * * LOW HITPOINT WARNING * * *
You feel your power leaking away.
The wall freezes the nameless horror.
Things that are here:
a +0 flail; a gnoll corpse The wall freezes the nameless horror!
The wall freezes the nameless horror.
You see here a +0 halberd.
The wall freezes the nameless horror.
The frozen ramparts melt away.
It was a potion of brilliance.
You feel clever all of a sudden. The nameless horror hits you!
You die...

..# ## #.# .. #.# #
#. ###.# .#
#..#...# #:##
###..#.#.##...##
........<.......
#.#.#####)...#.....
#......).)X@....#..
#...#######..#.##
#. #..#.# #..# #
...# ##.# .. ..


You could see a nameless horror.

Vanquished Creatures
  A sky beast (D:3)
  A bullfrog (D:4)
  A bullfrog skeleton (D:4)
  An orc priest (D:4)
  2 orc wizards (D:4)
  4 gnolls (D:6)
  3 adders
  An ooze (D:1)
  2 worms (D:2)
  A dart slug (D:1)
  A leopard gecko (D:1)
  12 orcs
  2 giant cockroaches
  8 goblins
  10 hobgoblins
  6 kobolds
  A quokka (D:2)
  A ball python (D:3)
  10 bats
  A frilled lizard (D:1)
  8 rats
77 creatures vanquished.

Vanquished Creatures (collateral kills)
  A hound zombie (D:5)
  An adder (D:5)
2 creatures vanquished.

Grand Total: 79 creatures vanquished

Notes
Turn   | Place    | Note
-------+----------+-------------------------------------------
     0 | D:1      | DogServant the Deep Elf Ice Elementalist began the quest
                  | for the Orb.
     0 | D:1      | Reached XP level 1. HP: 10/10 MP: 6/6
   325 | D:1      | Reached XP level 2. HP: 14/15 MP: 5/8
   860 | D:2      | Reached XP level 3. HP: 19/19 MP: 7/9
   892 | D:2      | Learned a level 3 spell: Frozen Ramparts
  1465 | D:2      | Reached skill level 5 in Ice Magic
  1823 | D:2      | Reached XP level 4. HP: 24/24 MP: 6/10
  2088 | D:2      | Learned a level 4 spell: Summon Ice Beast
  2466 | D:3      | Noticed a sky beast
  2531 | D:4      | Found a radiant altar of Vehumet.
  2614 | D:4      | Reached skill level 1 in Summonings
  2630 | D:4      | Reached XP level 5. HP: 23/28 MP: 2/11
  2934 | D:3      | Noticed a necrophage
  2994 | D:3      | Found a transporter.
  2995 | D:3      | Found a transporter.
  2995 | D:3      | Noticed Cazemata's ghost (amateur DsBe)
  3140 | D:3      | Killed a sky beast
  3298 | D:3      | Reached skill level 6 in Ice Magic
  3537 | D:4      | Reached XP level 6. HP: 23/32 MP: 3/12
  3732 | D:4      | Found a sparkling altar of Nemelex Xobeh.
  4248 | D:5      | Entered Level 5 of the Dungeon
  4248 | D:5      | Found a shimmering blue altar of Sif Muna.
  4466 | D:5      | Found Mumejaqeo's Weapon Shop.
  4470 | D:5      | Bought a +3 long sword of protection for 212 gold pieces
  4718 | D:6      | Noticed a nameless horror
  4728 | D:6      | Mangled by a nameless horror

Illustrated notes

Levels and vault maps discovered:
D:1:      psy_arrival_terrarium, layout_basic, serial_curves, eino_curves_03,
          eino_curves_03
D:2:      layout_loops_corners
D:3:      layout_rooms, gammafunk_ghost_mausoleum
D:4:      layout_loops_cross, vehumet_altar_wand_db,
          nemelex_xobeh_ov_fountains_minmay, first_ration
D:5:      layout_basic, serial_shops, nicolae_shop_trees, basic_altar
D:6:      layout_loops_ring, minmay_temple_entry_junction,
          nicolae_tso_carved_into_rock, uniq_pikel, uniq_crazy_yiuf_cottage

Skill      XL: |  1  2  3  4  5 |
---------------+----------------+-----
Stealth        | 3 4 |  4.0
Dodging        | 3 4 |  4.0
Ice Magic      | 5 6 |  6.5
Summonings     | 1 3 |  3.8
Fighting       | |  0.3
Spellcasting   | |  3.0

Action                   |  1- 3 |  4- 6 || total
-------------------------+-------+-------++-------
Melee: Dagger            |    24 |       ||    24
       Unarmed           |     2 |       ||     2
       Whip              |    37 |    29 ||    66
 Cast: Freeze            |    26 |    10 ||    36
       Frozen Ramparts   |    10 |    16 ||    26
       Summon Ice Beast  |       |     3 ||     3
Evoke: Wand              |       |     1 ||     1
  Use: Scroll            |     2 |     7 ||     9
       Potion            |       |     2 ||     2
 Stab: Sleeping          |    12 |     4 ||    16
  Eat: Chunk             |     3 |    11 ||    14
Armor: Robe              |    16 |     3 ||    19
       Leather armour    |       |     3 ||     3
Dodge: Dodged            |    73 |    36 ||   109
